 Dungeon Crawl Stone Soup version 0.31-a0-771-g505c3d19dc (webtiles) character file.

Game seed: 9595469289100544284

37 thriggle the Trooper (level 3, -1/29 HPs)
             Began as a Mummy Monk on Sept 17, 2023.
             Was a Plaything of Xom.
             Slain by a rat (3 damage)
             ... on level 2 of the Dungeon.
             The game lasted 00:02:06 (688 turns).

thriggle the Trooper (Mummy Monk)                    Turns: 688, Time: 00:02:07

Health: -1/29      AC:  2    Str: 16    XL:     3   Next: 23%
Magic:  4/4        EV: 17    Int:  9    God:    Xom [......]
Gold:   23         SH:  0    Dex: 14    Spells: 4/4 levels left

rFire   x . .        a - +0 falchion
rCold   + . .        c - orb {light}
rNeg    + + +        b - +0 robe
rPois   ∞            (no helmet)
rElec   .            (no cloak)
rCorr   .            (no gloves)
SInv    .            (no boots)
Will    .....        (no amulet)
Stlth   +            (no ring)
HPRegen 0.24/turn    (no ring)
MPRegen 0.09/turn

%: faith
@: agile, glowing
A: cold resistance 1, negative energy resistance 3, torment resistance 2, heat
vulnerability 1, in touch with death 1, no potions, faith
a: Renounce Religion


You were on level 2 of the Dungeon.
You worshipped Xom.
You were a very special plaything of Xom.
You visited 1 branch of the dungeon, and saw 2 of its levels.

You collected 23 gold pieces.

Inventory:

Hand Weapons
 a - a +0 falchion (weapon)
Missiles
 d - a throwing net
Armour
 b - a +0 robe (worn)
 c - an orb of light (worn)
Scrolls
 e - a scroll of teleportation {unknown}
 f - a scroll of identify {unknown}


   Skills:
 + Level 3.3 Fighting
 + Level 2.7 Long Blades
 + Level 0.7 Throwing
 + Level 2.7 Dodging
 + Level 1.2 Spellcasting


You had 4 spell levels left.
You didn't know any spells.
Your spell library was empty.

Dungeon Overview and Level Annotations

Branches:
Dungeon (2/15)

Altars:
Xom

Annotations:
D:2 Jessica


Innate Abilities, Weirdness & Mutations

You are immune to poison.
Your flesh is cold resistant. (rC+)
You are immune to negative energy. (rN+++)
You are immune to unholy pain and torment.
You are vulnerable to heat. (rF-)
You are in touch with the powers of death.
You do not drink.
You have a special connection with the divine. (Faith)


Message History

You hit Jessica but do no damage. Jessica closely misses you.
The rat bites you.
You hit Jessica but do no damage. The adder closely misses you.
Jessica hits you with a +0 club. The rat bites you.
You barely miss Jessica. The adder bites you but does no damage.
Jessica barely misses you. The rat bites you. The adder barely misses you.
You hit the adder.
The adder is lightly wounded.
Xom chortles.
Jessica's +0 club erupts in a glittering mayhem of colour.
The rat bites you. Jessica closely misses you.
The adder bites you but does no damage.
You hit the adder.
The adder is heavily wounded.
The adder completely misses you.
Jessica hits you with a +2 club of chaos.
You feel agile all of a sudden. The rat closely misses you.
The adder completely misses you.
You hit the adder.
You kill the adder!
The rat bites you but does no damage. Jessica barely misses you.
The goblin completely misses you. The rat bites you.
Jessica hits you with a +2 club of chaos.
* * * LOW HITPOINT WARNING * * *
You hit Jessica.
Jessica is moderately wounded.
The rat bites you.
* * * LOW HITPOINT WARNING * * *
The goblin misses you.
Jessica hits you with a +2 club of chaos.
* * * LOW HITPOINT WARNING * * *
Jessica freezes you.
* * * LOW HITPOINT WARNING * * *
The rat attacks as it pursues you! The rat barely misses you.
Jessica mumbles some strange words.
Jessica seems to speed up.
You barely miss the rat.
Jessica mumbles some strange words.
Jessica blinks!
The rat bites you.
You die...

#................
...........................
.......... #........†......
...?.....# #........<.)....
.........# #.#...........##
.........# #.###.#.#.......
.........# #.#.....#....>.#
.........###.#.##.##..###..
#..†§gr@#.#.##.###.# ##
#...###.....##.# #.# #...
####...##.###.## #...
#...†............ #...
#....##....#.....
#...##............###.
#.........††...####
#...............#
..................


You could see a goblin and a rat.

Vanquished Creatures
  An adder (D:2)
  2 dart slugs
  A ball python (D:1)
  5 bats
  An endoplasm (D:1)
  A giant cockroach (D:1)
  3 goblins
  3 kobolds (D:1)
  2 quokkas (D:1)
  A frilled lizard (D:1)
  5 rats
25 creatures vanquished.

Notes
Turn   | Place    | Note
-------+----------+-------------------------------------------
     0 | D:1      | thriggle the Mummy Monk began the quest for the Orb.
     0 | D:1      | Reached XP level 1. HP: 18/18 MP: 1/1
    94 | D:1      | Found a faded altar of an unknown god.
   101 | D:1      | Prayed at the altar of an unknown god.
   101 | D:1      | Became a worshipper of Xom of Chaos
   161 | D:1      | XOM: divination: detect creatures
   309 | D:1      | Reached XP level 2. HP: 23/24 MP: 2/2
   615 | D:2      | Reached skill level 1 in Spellcasting
   669 | D:2      | Reached XP level 3. HP: 28/29 MP: 4/4
   676 | D:2      | Noticed Jessica
   681 | D:2      | XOM: chaos upgrade
   684 | D:2      | HP: 1/29 [Jessica/+2 club of chaos (1)]
   688 | D:2      | Slain by a rat

Illustrated notes

Levels and vault maps discovered:
D:1:      scummos_arrival_simple_fountains, layout_loops_ring,
          ebering_ecumenical_altar_webs
D:2:      layout_rooms, minmay_door_square, uniq_jessica

Skill      XL: |  1  2 |
---------------+-------+-----
Spellcasting   | 1 |  1.2
Fighting       | |  3.3
Long Blades    | |  2.7
Throwing       | |  0.7
Dodging        | |  2.7

Action                     || total
---------------------------++-------
  Melee: Falchion          ||    67
 Armour: Robe              ||    46
  Dodge: Dodged            ||    55

Table legend: (Time is in decaauts)
 A = Elapsed time spent in this place.
 B = Non-inter-level travel time spent in this place.
 C = Inter-level travel time spent in this place.
 D = Time resting spent in this place.
 E = Time spent auto-exploring this place.
 F = Levels seen in this place.
 G = Mean time per level.
                   A        B        C        D        E       F      G
               +--------+--------+--------+--------+--------+-----+--------+
         Total |    699 |    696 |      3 |      0 |    526 |   2 |  349.5 |
       Dungeon |    699 |    696 |      3 |      0 |    526 |   2 |  349.5 |
               +--------+--------+--------+--------+--------+-----+--------+

Top non-repeatable levels by time:
     D:1: 616 daAuts
     D:2: 82 daAuts
